Map: Romanticide LE

Players

ViBE - Winner!

  • Race: Protoss Protoss
  • League: Gold
  • Spawn Location: 5:00

Lettuce

  • Race: Terran Terran
  • League: Master
  • Spawn Location: 11:00

VOD

Have the link to the VOD?

Description

Time

  • Played on: March 22, 2021, 12:27 a.m.
  • Length: 15:04
Show
View Real Time Build Order
Export as new Build Order

ViBE Protoss - Winner!

Build Orders: 1 Gate Expand, Double Forge, Archon Immortal 

Get SALT Encoding   

  12  0:00  Probe  
  13  0:13  Probe  
  14  0:18  Pylon  
  14  0:25  Probe  
  15  0:37  Probe (Chrono Boost)  
  15  0:38  Gateway  
  15  0:42  Assimilator  
  16  0:49  Probe (Chrono Boost)  
  17  0:56  Probe (Chrono Boost)  
  18  1:04  Probe  
  19  1:16  Probe  
  20  1:23  Nexus  
  20  1:37  Probe, Cybernetics Core  
  21  1:49  Probe  
  21  1:51  Assimilator  
  21  1:53  Pylon  
  22  2:01  Probe  
  23  2:14  Probe  
  24  2:18  Stalker  
  24  2:20  Warp Gate  
  26  2:26  Probe  
  27  2:31  Pylon  
  27  2:38  Probe (Chrono Boost)  
  27  2:39  Probe (Chrono Boost)  
  28  2:49  Probe (Chrono Boost)  
  28  2:50  Probe (Chrono Boost)  
  30  2:52  Sentry  
  30  2:54  Probe x2 (Chrono Boost)  
  30  2:55  Robotics Facility  
  30  2:56  Gateway  
  34  3:04  Probe x2  
  36  3:16  Probe  
  36  3:17  Probe  
  38  3:23  Stalker  
  40  3:34  Probe x2  
  42  3:46  Probe x2  
  44  3:51  Nexus  
  44  3:52  Pylon  
  44  3:58  Probe  
  44  3:59  Probe  
  44  4:02  Observer  
  47  4:09  Stalker x2  
  51  4:10  Probe  
  51  4:11  Probe  
  53  4:23  Probe x2  
  55  4:25  Twilight Council  
  55  4:27  Forge  
  55  4:30  Forge  
  55  4:33  Assimilator x2  
  55  4:34  Pylon  
  55  4:35  Probe x2, Pylon  
  57  4:40  Stalker x2  
  61  4:47  Probe  
  61  4:52  Immortal  
  67  4:53  Probe (Chrono Boost)  
  67  4:59  Probe (Chrono Boost)  
  68  5:05  Probe (Chrono Boost)  
  69  5:10  Probe (Chrono Boost)  
  72  5:14  Probe x2 (Chrono Boost)  
  72  5:15  Charge  
  72  5:19  Probe (Chrono Boost), Zealot x2  
  79  5:21  Probe (Chrono Boost)  
  79  5:23  Probe (Chrono Boost)  
  79  5:25  Pylon  
  79  5:26  Probe x2 (Chrono Boost)  
  80  5:28  Pylon  
  80  5:31  Probe  
  82  5:38  Probe x2  
  84  5:43  Probe  
  84  5:46  Assimilator x2  
  84  5:49  Gateway x2  
  85  5:50  Probe x2  
  85  5:51  Gateway  
  85  5:53  Gateway  
  85  5:54  Immortal  
  85  5:55  Probe (Chrono Boost)  
  92  6:02  Probe (Chrono Boost)  
  92  6:03  Probe (Chrono Boost)  
  94  6:07  Probe (Chrono Boost)  
  95  6:13  Probe (Chrono Boost)  
  95  6:14  Probe (Chrono Boost)  
  95  6:15  Probe (Chrono Boost)  
  95  6:17  Nexus, Stalker x2  
  102  6:20  Pylon  
  102  6:23  Pylon  
  102  6:26  Probe x2  
  102  6:27  Probe  
  102  6:32  Protoss Ground Weapons Level 1 (Chrono Boost), Protoss Ground Armor Level 1 (Chrono Boost)  
  105  6:38  Immortal  
  109  6:46  Zealot  
  109  6:47  Templar Archives, Zealot x5  
  113  6:53  Probe x3  
  124  6:58  Pylon  
  124  7:00  Pylon  
  124  7:05  Pylon  
  124  7:06  Probe  
  125  7:08  Pylon  
  125  7:15  Pylon  
  125  7:16  Probe x2  
  125  7:17  Pylon  
  125  7:18  Probe, Zealot x4  
  125  7:19  Zealot  
  125  7:21  Zealot  
  140  7:27  Immortal  
  140  7:28  Probe x2  
  140  7:29  Probe  
  147  7:30  Probe  
  147  7:36  Assimilator  
  148  7:38  Assimilator  
  148  7:50  Nexus  
  148  7:51  Pylon  
  148  7:54  Pylon  
  148  7:56  High Templar  
  148  7:57  High Templar x2  
  148  7:58  High Templar x3  
  160  8:06  Immortal  
  160  8:09  Gateway  
  160  8:11  Gateway  
  164  8:13  Gateway  
  164  8:15  Gateway  
  164  8:24  Gateway  
  164  8:25  Gateway  
  164  8:31  Zealot x2  
  164  8:32  Zealot x2  
  164  8:33  Zealot x2  
  176  8:35  Archon x3  
  176  8:49  Protoss Ground Weapons Level 2 (Chrono Boost), Protoss Ground Armor Level 2 (Chrono Boost)  
  176  8:51  Unknown  
  176  8:54  High Templar x2  
  176  8:55  High Templar x2  
  184  8:56  Zealot x2  
  184  9:02  Gateway  
  188  9:04  Gateway  
  188  9:08  Gateway  
  187  9:10  Probe, Gateway  
  187  9:14  Robotics Facility  
  187  9:16  Pylon  
  178  9:24  Zealot x3  
  178  9:25  Zealot x3  
  178  9:26  Zealot  
  178  9:27  Zealot x2  
  178  9:29  Pylon  
  196  9:36  Nexus  
  196  9:38  Pylon  
  196  9:48  Archon x2  
  196  9:57  Immortal  
  200  10:04  Gateway  
  200  10:05  Gateway  
  172  10:08  Gateway  
  172  10:11  Gateway  
  144  10:15  Gateway, Dark Shrine  
  144  10:17  Gateway  
  144  10:20  Pylon  
  133  10:21  Probe x2  
  128  10:29  High Templar  
  128  10:30  High Templar x4  
  128  10:31  High Templar x4  
  128  10:32  High Templar x5  
  128  10:33  Nexus  
  128  10:34  Pylon  
  144  10:38  Pylon  
  144  10:40  Archon x2  
  144  10:41  Archon x4, Immortal x2  
  136  10:43  Archon  
  136  10:47  Protoss Ground Armor Level 3 (Chrono Boost), Protoss Ground Weapons Level 3 (Chrono Boost)  
  134  11:02  Zealot x4  
  134  11:03  Zealot x4  
  134  11:04  Zealot x4  
  154  11:05  Zealot x3  
  154  11:06  Zealot  
  154  11:09  High Templar x2  
  154  11:11  High Templar  
  172  11:13  High Templar  
  172  11:15  Zealot x2  
  178  11:24  Zealot  
  178  11:25  Zealot x4, Immortal  
  186  11:28  High Templar x2  
  186  11:29  Zealot  
  186  11:32  Archon x3, Immortal  
  190  11:46  Zealot x3  
  199  12:02  Probe x2  
  199  12:04  Probe x2  
  184  12:12  Nexus  
  184  12:13  Pylon  
  180  12:16  Pylon  
  180  12:22  Nexus  
  180  12:23  Immortal x2  
  180  12:25  Pylon  
  180  12:28  Pylon  
  180  12:35  High Templar x3  
  180  12:36  High Templar x3  
  166  13:08  Protoss Shields Level 1 (Chrono Boost)  
  166  13:10  Zealot, Immortal  
  166  13:11  Zealot x5  
  166  13:12  Zealot x5  
  164  13:13  Zealot x5  
  164  13:14  Zealot x3, Immortal  
  164  13:15  Zealot  
  164  13:17  Archon x3  
  174  13:34  High Templar x5  
  166  13:35  High Templar x4  
  166  13:36  High Templar x3  
  166  13:37  High Templar  
  166  13:40  Zealot  
  182  13:41  Zealot  
  182  13:43  High Templar  
  182  13:48  Archon x4  
  186  13:49  Archon x3  
  186  13:52  Zealot x2  
  186  13:53  Zealot x4  
  188  14:51  Zealot x4  
  188  14:52  Zealot x5  
  184  14:53  Zealot x6  
  184  14:54  Zealot x3  
Show
View Real Time Build Order
Export as new Build Order

Lettuce Terran 

Build Orders: Reaper Expand 

Get SALT Encoding   

  12  0:00  SCV  
  13  0:12  SCV  
  14  0:17  Supply Depot  
  14  0:24  SCV  
  15  0:38  SCV  
  15  0:40  Barracks  
  16  0:48  Refinery  
  16  0:51  SCV  
  17  1:03  SCV  
  18  1:15  SCV  
  19  1:29  Orbital Command  
  19  1:33  Reaper  
  20  1:42  Command Center  
  20  1:59  SCV, Supply Depot  
  21  2:05  Marine  
  22  2:11  SCV  
  22  2:14  Factory  
  23  2:25  Refinery  
  23  2:26  SCV  
  24  2:34  Barracks Reactor  
  24  2:38  SCV  
  25  2:50  SCV  
  26  2:55  Orbital Command  
  26  3:02  SCV, Factory Tech Lab  
  27  3:14  SCV, Marine x2  
  30  3:23  Supply Depot  
  30  3:26  SCV  
  31  3:32  SCV, Marine x2  
  34  3:38  SCV  
  35  3:43  Siege Tank  
  35  3:44  SCV  
  39  3:50  SCV  
  39  3:51  Marine x2  
  42  3:56  SCV  
  42  3:57  Starport  
  43  4:03  SCV  
  43  4:05  Barracks  
  43  4:09  SCV  
  45  4:10  Marine x2  
  45  4:15  SCV  
  48  4:19  Siege Tank  
  48  4:21  SCV  
  48  4:23  Refinery  
  52  4:24  Refinery  
  52  4:27  SCV  
  53  4:32  Command Center  
  53  4:33  SCV  
  54  4:39  Starport Reactor  
  54  4:44  Supply Depot  
  54  4:45  SCV x2, Marine x2  
  58  4:57  SCV x2  
  60  5:02  Engineering Bay  
  60  5:04  Engineering Bay  
  60  5:07  Armory  
  60  5:09  SCV x2  
  60  5:13  Barracks Tech Lab  
  62  5:20  Marine x2  
  64  5:21  SCV x2, Supply Depot  
  64  5:27  Medivac x2  
  70  5:32  Terran Infantry Weapons Level 1  
  70  5:38  Terran Infantry Armor Level 1  
  70  5:43  SCV x2  
  70  5:46  SCV  
  70  5:47  Marine x2  
  70  5:48  Marauder  
  77  5:55  SCV  
  78  5:58  SCV  
  78  6:02  Medivac x2  
  84  6:05  Orbital Command, Marine x2  
  84  6:07  SCV  
  84  6:10  SCV  
  87  6:12  Marine  
  87  6:15  Stimpack  
  88  6:19  SCV  
  88  6:22  SCV  
  88  6:23  Marine  
  91  6:30  SCV  
  91  6:31  Marine  
  93  6:44  Supply Depot  
  93  6:51  Command Center  
  93  6:54  SCV x2, Marine x2, Medivac x2  
  93  6:57  Supply Depot  
  93  6:59  Supply Depot  
  101  7:01  Barracks  
  101  7:04  Barracks  
  101  7:06  SCV x3, Marine  
  105  7:12  Marine  
  108  7:16  Marauder  
  108  7:18  SCV x3, Siege Tank  
  114  7:30  SCV  
  114  7:31  Marine x2  
  114  7:36  Barracks  
  117  7:39  Barracks  
  117  7:40  Command Center  
  117  7:41  Marine  
  118  7:46  SCV x3  
  118  7:49  Marine  
  118  7:50  Medivac  
  124  7:53  Barracks Reactor x2  
  124  7:55  Combat Shield  
  125  7:58  SCV  
  125  8:03  SCV x2, Marine x2, Medivac  
  131  8:07  Barracks  
  131  8:10  SCV  
  131  8:12  Barracks  
  132  8:14  Barracks  
  132  8:15  Barracks, Marine  
  133  8:21  Marine x2  
  133  8:22  SCV, Medivac  
  133  8:23  SCV x2  
  133  8:24  Orbital Command  
  140  8:37  Barracks Reactor x2  
  140  8:39  Terran Infantry Armor Level 2, Terran Infantry Weapons Level 2  
  140  8:40  Supply Depot x2  
  140  8:49  Supply Depot  
  140  8:50  Supply Depot  
  140  8:51  Marine x5, Medivac  
  140  8:52  Supply Depot  
  140  8:55  Barracks Reactor  
  147  9:05  SCV x5  
  152  9:10  Marine x10  
  136  9:24  Marine  
  136  9:25  Marine x3  
  136  9:27  Orbital Command  
  136  9:28  Marine x10  
  144  9:36  Marine  
  144  9:37  Marine  
  144  9:38  SCV x2  
  148  9:42  Marine  
  148  9:43  Marine x3  
  148  9:45  Refinery x2, Marine  
  152  9:46  Marine x5  
  156  9:54  Marine x6  
  156  9:57  SCV x4  
  166  10:00  Marine x4  
  166  10:04  Marine  
  166  10:05  Marine x5  
  157  10:09  SCV x2  
  157  10:12  Marine x3  
  157  10:13  Marine x3  
  144  10:18  Marine x4  
  134  10:22  Marine x4  
  134  10:23  Marine x2  
  129  10:30  Marine x4  
  129  10:31  Marine x2  
  124  10:36  Marine x4  
  124  10:40  Marine x6  
  127  10:47  Marine  
  127  10:48  Marine x5  
  131  10:52  SCV x4  
  131  10:54  Marine x2  
  131  10:56  Medivac x2  
  141  11:15  Marine x11  
  141  11:16  Marine x5  
  157  11:23  SCV  
  157  11:24  Command Center  
  158  11:26  Supply Depot  
  157  11:33  Marine x7  
  157  11:36  Marine x8  
  172  11:45  Supply Depot  
  172  11:46  Supply Depot  
  172  11:48  Marine, Medivac x2  
  172  11:50  Marine  
  172  11:51  Marine x2  
  180  12:02  Marine x5  
  180  12:03  Marine x4  
  180  12:04  Marine  
  180  12:05  Marine  
  160  12:13  Marine x5  
  125  12:18  Medivac x2  
  125  12:20  Marine x5  
  125  12:21  SCV x2, Marine x3  
  125  12:22  Marine  
  141  12:23  Marine  
  126  12:44  SCV x2  
  126  12:47  Marine  
  126  12:48  Marine x13, Medivac x2  
  142  13:05  Marine x4  
  133  13:06  Marine x10  
  115  13:23  Marine x5  
  115  13:24  Marine x9  
  103  13:38  SCV  
  103  13:39  SCV x2  
  103  13:41  Marine x7  
  112  13:50  SCV  
  112  13:51  SCV x2  
  115  14:01  Marine  
  115  14:02  Marine x2  
  118  14:05  Command Center  
  118  14:10  SCV x3  
  121  14:20  Command Center  
  121  14:21  Barracks Tech Lab x3  
  121  14:25  SCV  
  111  14:40  Marine  
  111  14:41  Marine x13  
Tags
 
Add a new tag
Caveats
  • Supply blocks, unpowered buildings, or Contaminate may cause inaccurate times.
  • Supply counts are checked every 10 seconds.